[Event "XIV American Continental-ch 2019"]
[Site "Sao Paulo"]
[Date "2019.07.13"]
[Round "11.21"]
[White "Proudian, Armen"]
[Black "Guimaraes, Wagner Peixoto"]
[Result "1-0"]
[ECO "C65"]
[WhiteElo "2429"]
[BlackElo "2206"]
[Annotator "NA"]
[PlyCount "117"]
[EventDate "2019.07.05"]
[EventType "swiss"]
[EventCountry "BRA"]
[SourceTitle "playchess.com"]
[Source "ChessBase"]
[SourceQuality "1"]
[TimeControl "40/5400+30:1800+30"]

1. e4 e5 2. Nf3 Nc6 3. Bb5 Bc5 4. c3 Nf6 5. O-O O-O 6. d4 Bb6 7. Re1 d6 8. h3 Bd7 9. dxe5 Nxe5 10. Bxd7 Nxf3+ 11. Qxf3 Nxd7 12. a4 Ne5 13. Qe2 a6 14. a5 Ba7 15. Bf4 Qh4 16. Bxe5 dxe5 17. Nd2 Rad8 18. Rad1 h6 19. Nf3 Qf4 20. Rd3 Rxd3 21. Qxd3 Qg3 22. Re2 Qf4 23. Rd2 f5 24. Qd5+ Kh7 25. Re2 Qc1+ 26. Ne1 fxe4 27. Qxe4+ Kh8 28. Qxe5 Qd1 29. Kf1 Qd7 30. b4 Qf7 31. Nf3 Qc4 32. Kg1 Qd3 33. Rd2 Qb1+ 34. Qe1 Qb3 35. Rd7 Qc4 36. Qe5 Rg8 37. Rxc7 Qa2 38. Qe1 Rd8 39. Re7 Qc2 40. Re8+ Rxe8 41. Qxe8+ Kh7 42. Qe1 Qd3 43. Qd2 Qb1+ 44. Ne1 Qa1 45. g3 Bb8 46. Kg2 Be5 47. c4 Bc3 48. Qd3+ Kh8 49. Qd8+ Kh7 50. Nd3 Qa4 51. Qd6 Qd1 52. Qd5 Qb1 53. c5 Bxb4 54. Qe4+ Kh8 55. Qxb4 Qxd3 56. Qxb7 Qc4 57. c6 Qd5+ 58. Kh2 h5 59. h4 1-0

[Event "XIV American Continental-ch 2019"]
[Site "Sao Paulo"]
[Date "2019.07.13"]
[Round "11.22"]
[White "Gauche, Charles"]
[Black "Languidey, Simon Alejandro"]
[Result "0-1"]
[ECO "C04"]
[WhiteElo "2200"]
[BlackElo "2427"]
[Annotator "NA"]
[PlyCount "142"]
[EventDate "2019.07.05"]
[EventType "swiss"]
[EventCountry "BRA"]
[SourceTitle "playchess.com"]
[Source "ChessBase"]
[SourceQuality "1"]
[TimeControl "40/5400+30:1800+30"]

1. e4 e6 2. d4 d5 3. Nd2 Nc6 4. Ngf3 Nf6 5. e5 Nd7 6. c3 f6 7. Bb5 fxe5 8. Nxe5 Ncxe5 9. dxe5 c6 10. Bd3 Nxe5 11. Qh5+ Nf7 12. Bxh7 e5 13. Nf3 Bd6 14. Nh4 Bg4 15. Qxg4 Rxh7 16. Nf5 Qf6 17. Be3 g6 18. Nxd6+ Nxd6 19. Bg5 Qf5 20. Qxf5 gxf5 21. Bf6 e4 22. O-O-O Kf7 23. Bg5 Rg8 24. h4 Ke6 25. g3 Nc4 26. Kc2 Ne5 27. a4 c5 28. Bf4 Rh5 29. a5 Nf3 30. Kb3 Rd8 31. Ka4 a6 32. b4 cxb4 33. Kxb4 Rc8 34. Rb1 Rc4+ 35. Kb3 Rc5 36. Ka4 Rc4+ 37. Rb4 Rxb4+ 38. Kxb4 Ne5 39. Be3 Nd7 40. c4 Ne5 41. cxd5+ Kxd5 42. Rd1+ Nd3+ 43. Kc3 Kc6 44. Kd4 Kb5 45. Rb1+ Kxa5 46. Rxb7 Ka4 47. f3 Ne1 48. fxe4 Nf3+ 49. Kc3 a5 50. exf5 Rxf5 51. Kd3 Rh5 52. Bf2 Ne5+ 53. Ke4 Nc4 54. Rb8 Nd6+ 55. Kf3 Rf5+ 56. Kg2 Rb5 57. Rf8 Kb3 58. g4 a4 59. h5 a3 60. h6 a2 61. Ra8 Nf7 62. Be3 Rd5 63. h7 Rd8 64. Rxd8 a1=Q 65. Rf8 Nh8 66. Rg8 Qe5 67. Kf3 Qd5+ 68. Kg3 Qd6+ 69. Kg2 Qc6+ 70. Kg1 Qe4 71. Rxh8 Qxe3+ 0-1

[Event "XIV American Continental-ch 2019"]
[Site "Sao Paulo"]
[Date "2019.07.13"]
[Round "11.23"]
[White "Almiron, Antonio"]
[Black "Labussiere, Victor"]
[Result "1/2-1/2"]
[ECO "D00"]
[WhiteElo "2402"]
[BlackElo "2194"]
[Annotator "NA"]
[PlyCount "39"]
[EventDate "2019.07.05"]
[EventType "swiss"]
[EventCountry "BRA"]
[SourceTitle "playchess.com"]
[Source "ChessBase"]
[SourceQuality "1"]
[TimeControl "40/5400+30:1800+30"]

1. d4 d5 2. Bf4 Nf6 3. e3 c5 4. c3 Nc6 5. Nd2 Bf5 6. Qb3 Qc8 7. Ngf3 c4 8. Qd1 h6 9. h3 e6 10. Be2 Be7 11. O-O O-O 12. Ne5 b5 13. a3 Nd7 14. Nxd7 Qxd7 15. Bf3 Bd3 16. Re1 f5 17. Be2 Bxe2 18. Qxe2 a5 19. Reb1 b4 20. Qd1 1/2-1/2

[Event "XIV American Continental-ch 2019"]
[Site "Sao Paulo"]
[Date "2019.07.13"]
[Round "11.24"]
[White "Sarkar, Justin"]
[Black "Alboredo, Julia"]
[Result "1/2-1/2"]
[ECO "A22"]
[WhiteElo "2389"]
[BlackElo "2175"]
[Annotator "NA"]
[PlyCount "23"]
[EventDate "2019.07.05"]
[EventType "swiss"]
[EventCountry "BRA"]
[SourceTitle "playchess.com"]
[Source "ChessBase"]
[SourceQuality "1"]
[TimeControl "40/5400+30:1800+30"]

1. c4 e5 2. Nc3 Nf6 3. d4 exd4 4. Qxd4 Nc6 5. Qd1 Bb4 6. Bd2 d5 7. cxd5 Nxd5 8. Nxd5 Qxd5 9. Bxb4 Qxd1+ 10. Rxd1 Nxb4 11. a3 Nc6 12. Nf3 1/2-1/2